 Dungeon Crawl Stone Soup version 0.29.1-2-gbd0b4ee654 (webtiles) character file.

Game seed: 1634936115944388032

98 safid the Shooter (level 4, -5/41 HPs)
             Began as a Minotaur Hunter on Nov 29, 2022.
             Constricted to death by Ijyb (6 damage)
             ... on level 3 of the Dungeon.
             The game lasted 00:03:36 (1944 turns).

safid the Shooter (Minotaur Hunter)                 Turns: 1944, Time: 00:03:36

Health: -5/41      AC:  4    Str: 15    XL:     4   Next: 43%
Magic:  3/3        EV:  9    Int:  6    God:
Gold:   93         SH:  0    Dex: 16    Spells: 3/3 levels left

rFire   . . .      SeeInvis .   a - +0 shortbow
rCold   . . .      Faith    .   (shield currently unavailable)
rNeg    . . .      Spirit   .   c - +0 leather armour
rPois   .          Reflect  .   (helmet restricted)
rElec   .          Harm     .   (no cloak)
rCorr   .          Rampage  .   (no gloves)
Will    .....                   o - +0 pair of boots
Stlth   +.........              (no amulet)
HPRegen 0.13/turn               (no ring)
MPRegen 0.08/turn               (no ring)

@: grasped by roots, constricted
A: horns 2, retaliatory headbutt
a: no special abilities


You were on level 3 of the Dungeon.
You visited 1 branch of the dungeon, and saw 3 of its levels.

You collected 93 gold pieces.

Inventory:

Hand Weapons
 a - a +0 shortbow (weapon)
Armour
 c - a +0 leather armour (worn)
 o - a +0 pair of boots (worn)
Jewellery
 p - an amulet of regeneration
Scrolls
 b - 2 scrolls of immolation
 f - 6 scrolls of identify {unknown}
 h - 2 scrolls of vulnerability {unknown}
 i - a scroll of summoning {unknown}
 l - 3 scrolls of amnesia {unknown}
 n - 3 scrolls of teleportation {unknown}
 q - 3 scrolls of fear {unknown}
Potions
 d - a potion of invisibility {unknown}
 e - 2 potions of curing {unknown}
 g - a potion of might {unknown}
 j - a potion of haste {unknown}
 k - a potion of heal wounds {unknown}
 m - 2 potions of attraction {unknown}


   Skills:
 + Level 4.3 Fighting
 + Level 5.5 Ranged Weapons
 - Level 2.1 Dodging
 - Level 0.7 Stealth


You had 3 spell levels left.
You didn't know any spells.
Your spell library contained the following spells:

 Spells                   Type           Power      Damage    Failure   Level
 Beastly Appendage        Tmut           0%         N/A       52%         1
 Wereblood                Tmut           0%         N/A       67%         2
 Spider Form              Tmut/Pois      0%         N/A       88%         3
 Passage of Golubria      Tloc           0%         N/A       99%         4
 Silence                  Hex/Air        0%         N/A       100%        5
 Lehudib's Crystal Spear  Conj/Erth      0%         10d2      100%        8


Dungeon Overview and Level Annotations

Branches:
Dungeon (3/15)

Altars:

Annotations:
D:3 Ijyb


Innate Abilities, Weirdness & Mutations

You have a pair of horns on your head.
You reflexively headbutt those who attack you in melee.


Message History

Ijyb is lightly wounded.
The grasping roots constrict you.
You shoot an arrow. The arrow hits Ijyb.
Ijyb is moderately wounded.
The grasping roots constrict you.
You shoot an arrow. The arrow closely misses Ijyb.
The grasping roots constrict you. Ijyb barely misses you.
The grasping roots constrict you.
The grasping roots release their grip on you.
You shoot an arrow. The arrow barely misses Ijyb.
Ijyb hits you with a +0 club.
You shoot an arrow. The arrow closely misses Ijyb.
Ijyb hits you but does no damage.
You shoot an arrow. The arrow barely misses Ijyb.
Ijyb zaps a wand.
The roots erupt in riotous growth!
The grasping roots grab you!
Ijyb is unaffected.
The grasping roots constrict you. Ijyb hits you with a +0 club.
The grasping roots constrict you.
You are too injured to fight recklessly!
You are too injured to fight recklessly!
You are too injured to fight recklessly!
You are too injured to fight recklessly!
You are too injured to fight recklessly!
Unknown command.
You are too injured to fight recklessly!
Fire: a) +0 shortbow
Press: ? - help, Q - select action Shift-Dir - straight line, f/p - Ijyb
Aim: Ijyb, wielding a +0 club, wearing a +4 ring mail of cold resistance and carrying a wand of roots (13) (moderately wounded, 61% to hit)
You shoot an arrow. The arrow hits Ijyb.
Ijyb is moderately wounded.
Ijyb hits you but does no damage. The grasping roots constrict you.
* * * LOW HITPOINT WARNING * * *
Unknown command.
Fire: a) +0 shortbow
Press: ? - help, Q - select action Shift-Dir - straight line, f/p - Ijyb
Aim: Ijyb, wielding a +0 club, wearing a +4 ring mail of cold resistance and carrying a wand of roots (13) (moderately wounded, 61% to hit)
You shoot an arrow. The arrow barely misses Ijyb.
Ijyb hits you with a +0 club!
* * * LOW HITPOINT WARNING * * *
The grasping roots constrict you.
You die...

##...####.....†...####....###
#......###.......## ##.#.#
#...##.# ##.....## ####.#
#.#.##.# ##...## #....#
#.#.##.# ##+## #.#..#
#.#.##.# .# ###### #......#
.###### ###.#########?......
#........#@g.....#
########.........#
#.#........ #.##......# #.#
......# #.. ....### ###
...... ######


You could see Ijyb.

Vanquished Creatures
  An orc wizard (D:3)
  An adder (D:2)
  A worm (D:3)
  2 dart slugs
  5 bats
  6 endoplasms
  7 giant cockroaches
  6 goblins
  6 hobgoblins
  5 ball pythons
  3 frilled lizards (D:2)
  6 kobolds
  5 rats
54 creatures vanquished.

Notes
Turn   | Place    | Note
-------+----------+-------------------------------------------
     0 | D:1      | safid the Minotaur Hunter began the quest for the Orb.
     0 | D:1      | Reached XP level 1. HP: 18/18 MP: 0/0
   148 | D:1      | Reached XP level 2. HP: 24/24 MP: 1/1
   507 | D:1      | Reached skill level 5 in Ranged Weapons
   507 | D:1      | Reached XP level 3. HP: 31/31 MP: 2/2
  1073 | D:2      | Identified the +0 robe of Lugonu's Indignation {*Corrode
                  | rElec rPois Will+ Stlth+}
  1711 | D:3      | Reached XP level 4. HP: 40/40 MP: 3/3
  1934 | D:3      | Noticed Ijyb
  1944 | D:3      | HP: 1/41 [Ijyb/+0 club (7)]
  1944 | D:3      | Constricted to death by Ijyb

Illustrated notes

Levels and vault maps discovered:
D:1:      dpeg_arrival_erosion, layout_loops_ring, st_stairs_2, nrook_campfire,
          minmay_misc_feat_nine_boxes
D:2:      layout_basic, minmay_increasing_density
D:3:      layout_loops_corners, minitemple, marbit_many_paths,
          gup_sewer_entry_bowl, uniq_robin, uniq_ijyb

Skill      XL: |  1  2  3 |
---------------+----------+-----
Fighting       | 3 4 |  4.3
Ranged Weapons | 5 |  5.5
Dodging        | |  2.1
Stealth        | |  0.7

Action                   |  1- 3 |  4- 6 || total
-------------------------+-------+-------++-------
 Fire: Shortbow          |   132 |    27 ||   159
Armor: Leather armour    |    23 |     3 ||    26
Dodge: Dodged            |    37 |    10 ||    47
